 Dungeon Crawl Stone Soup version 0.21.0-24-g2553a33 (webtiles) character file.

12 Mgcat the Skirmisher (level 2, -1/22 HPs)
             Began as a Demonspawn Wanderer on Jan 19, 2018.
             Slain by a hobgoblin
             ... wielding a +0 club
              (3 damage)
             ... on level 1 of the Dungeon.
             The game lasted 00:01:49 (487 turns).

Mgcat the Skirmisher (Demonspawn Wanderer)           Turns: 487, Time: 00:01:50

Health: -1/22      AC:  2    Str:  9    XL:     2   Next: 20%
Magic:  5/5        EV: 11    Int: 16    God:
Gold:   0          SH:  0    Dex: 12    Spells: 5/5 levels left

rFire    . . .     SeeInvis .   c - +0 spear
rCold    . . .     Gourm    .   (no shield)
rNeg     . . .     Faith    .   e - +0 robe
rPois    .         Spirit   .   g - +0 hat
rElec    .         Reflect  .   (no cloak)
rCorr    .         Harm     .   (no gloves)
MR       .....                  (no boots)
Stlth    ++........             (no amulet)
HPRegen  0.07/turn              (no ring)
MPRegen  0.09/turn              (no ring)

@: no status effects
A: hooves 1
a: no special abilities


You were on level 1 of the Dungeon.
You were not hungry.

You visited 1 branch of the dungeon, and saw 1 of its levels.

Inventory:

Hand Weapons
 a - a +2 dagger
 c - a +0 spear (weapon)
 i - a +0 club
Armour
 e - a +0 robe (worn)
 g - a +0 hat (worn)
Jewellery
 h - an uncursed amulet of magic regeneration {unknown}
Potions
 b - a potion of heal wounds
Books
 d - the Disquisition on the Birds

   Spells                             Type                      Level
   a - Shock                          Conjuration/Air              1
   b - Mephitic Cloud                 Conjuration/Poison/Air       3
Comestibles
 f - a ration


   Skills:
 - Level 2.0 Fighting
 + Level 0.8 Maces & Flails
 - Level 1.2 Polearms
 - Level 1.0 Throwing
 - Level 1.0 Dodging
 - Level 1.7 Stealth
 - Level 2.0 Spellcasting
   Level 1.0 Air Magic
   Level 1.0 Evocations


You had 5 spell levels left.
You didn't know any spells.

Dungeon Overview and Level Annotations

Branches:
Dungeon (1/15)

Altars:


Innate Abilities, Weirdness & Mutations

You have large cloven feet.


Message History

You closely miss the giant cockroach.
The giant cockroach is severely wounded.
The hobgoblin hits you with a club. The giant cockroach closely misses you.
The goblin hits you.
You closely miss the giant cockroach.
The giant cockroach is severely wounded.
The giant cockroach bites you but does no damage.
The hobgoblin hits you with a club. The goblin closely misses you.
You closely miss the giant cockroach. Your kick misses the giant cockroach.
The giant cockroach is severely wounded.
The giant cockroach bites you.
* * * LOW HITPOINT WARNING * * *
The hobgoblin closely misses you. The goblin barely misses you.
The giant cockroach bites you.
* * * LOW HITPOINT WARNING * * *
The goblin hits you.
* * * LOW HITPOINT WARNING * * *
You see here a club.
The hobgoblin hits you with a club.
You die...

############ ####### #...>.(....#
##...#.. .#..........# ##.......
............# #####...$....
#..........###............
#..........#..............
#.................#.......
######...@.#...)......s...
#........#g###.#(..#####..
#######.#'###....gs..###.## #.
#.......#.# ##....#..###..# .
#.#######'#######.##...)..#
#.#.............#.##...#.......
##.#.###########.#..###.......>.
#..#..#.......#..#... ..........#
...#.#.#######.#.#...........####


You could see a giant cockroach, a hobgoblin and a goblin.

Vanquished Creatures
  A dart slug (D:1)
  A giant cockroach (D:1)
  2 goblins (D:1)
  A hobgoblin (D:1)
  A bat (D:1)
  2 frilled lizards (D:1)
  2 kobolds (D:1)
  A rat (D:1)
11 creatures vanquished.

Notes
Turn   | Place    | Note
-------+----------+-------------------------------------------
     0 | D:1      | Mgcat the Demonspawn Wanderer began the quest for the Orb.
     0 | D:1      | Mgcat set off with: a +2 dagger, a potion of heal wounds, a +0 spear, the Disquisition on the Birds, a +0 robe, a ration
     0 | D:1      | Reached XP level 1. HP: 16/16 MP: 3/3
     2 | D:1      | Identified the Disquisition on the Birds
   106 | D:1      | Reached skill level 1 in Polearms
   444 | D:1      | Gained mutation: You have large cloven feet. [demonic ancestry]
   444 | D:1      | Reached XP level 2. HP: 22/22 MP: 5/5
   479 | D:1      | HP: 1/22 [goblin (4)]
   487 | D:1      | Slain by a hobgoblin

Skill      XL: |  1 |
---------------+----+-----
Polearms       | 1 |  1.2
Fighting       | |  2.0
Maces & Flails | |  0.8
Throwing       | |  1.0
Dodging        | |  1.0
Stealth        | |  1.7
Spellcasting   | |  2.0
Air Magic      | |  1.0
Evocations     | |  1.0

Action                   || total
-------------------------++-------
Melee: Spear             ||    52
 Stab: Sleeping          ||     1
Armor: Robe              ||    10
Dodge: Dodged            ||    38
